 Dungeon Crawl Stone Soup version 0.30.1-4-g462c640d31 (webtiles) character file.

Game seed: 2639183536311814921

6 Duck the Ruffian (level 1, 0/22 HPs)
             Began as a Troll Berserker on Aug 21, 2023.
             Was a Follower of Trog.
             Slain by a hobgoblin (3 damage)
             ... on level 1 of the Dungeon.
             The game lasted 00:00:39 (314 turns).

Duck the Ruffian (Troll Berserker)                   Turns: 314, Time: 00:00:40

Health: 0/22       AC:  4    Str: 24    XL:     1   Next: 75%
Magic:  0/0        EV: 10    Int:  3    God:    Trog [*.....]
Gold:   25         SH:  0    Dex:  9    Spells: 0/0 levels left

rFire   . .          .
                       - Unarmed
rCold   . . .        (no shield)
rNeg    . . .        a - +0 animal skin
rPois   .            (helmet restricted)
rElec   .            (no cloak)
rCorr   .            (gloves unavailable)
SInv    .            (boots unavailable)
Will    .....        (no amulet)
Stlth   +            (no ring)
HPRegen 1.03/turn    (no ring)
MPRegen 0.07/turn

%: no passive effects
@: no status effects
A: large, unfitting armour, claws 3, regeneration 1, shaggy fur 1, tough skin 1
a: Renounce Religion, Berserk


You were on level 1 of the Dungeon.
You worshipped Trog.
Trog was aware of your devotion.
You visited 1 branch of the dungeon, and saw 1 of its levels.

You collected 25 gold pieces.

Inventory:

Armour
 a - a +0 animal skin (worn)
Scrolls
 d - a scroll of teleportation {unknown}
Potions
 b - 2 potions of attraction {unknown}
 c - a potion of ambrosia {unknown}


   Skills:
 + Level 2.5 Fighting
 + Level 2.5 Dodging
 + Level 3.1 Unarmed Combat


You couldn't memorise any spells.
You didn't know any spells.
Your spell library was empty.

Dungeon Overview and Level Annotations

Branches:
Dungeon (1/15)

Altars:


Innate Abilities, Weirdness & Mutations

You are too large for most types of armour.
You have claws for hands.
Your natural rate of healing is unusually fast.
You are covered in fur. (AC +1)
You have tough skin. (AC +1)


Message History

The hobgoblin hits you.
The frilled lizard bites you but does no damage.
The frilled lizard barely misses you. The frilled lizard barely misses you.
The frilled lizard misses you. The hobgoblin hits you.
The frilled lizard bites you.
The frilled lizard bites you but does no damage.
The hobgoblin hits you. The frilled lizard barely misses you.
The frilled lizard bites you but does no damage.
The hobgoblin barely misses you. The frilled lizard bites you.
The frilled lizard completely misses you.
The hobgoblin hits you. The frilled lizard closely misses you.
The frilled lizard bites you but does no damage.
The hobgoblin barely misses you.
The frilled lizard bites you but does no damage.
The frilled lizard closely misses you. The hobgoblin hits you.
The frilled lizard bites you. The frilled lizard barely misses you.
The hobgoblin barely misses you. The frilled lizard closely misses you.
The frilled lizard bites you but does no damage.
The hobgoblin hits you.
The frilled lizard bites you but does no damage. x2
The hobgoblin barely misses you. The hobgoblin hits you.
The frilled lizard bites you.
The frilled lizard bites you but does no damage.
The frilled lizard bites you.
* * * LOW HITPOINT WARNING * * *
The frilled lizard bites you but does no damage.
The hobgoblin hits you but does no damage.
The frilled lizard bites you but does no damage.
The frilled lizard barely misses you. The hobgoblin barely misses you.
The frilled lizard bites you.
* * * LOW HITPOINT WARNING * * *
The frilled lizard bites you.
* * * LOW HITPOINT WARNING * * *
The hobgoblin hits you.
You die...

#### ######...## .
#....#.#..## ...
#######.##...##.@######.....
...........()..llg...?..(...
....###.###..##...####......
#####........##.#.# .....
####.>.......##.#..# ....
....).........#.##.# ...
..).............# .# ..
................# .. .
.............#..# #.#


You could see a hobgoblin and 2 frilled lizards.

Vanquished Creatures
  2 endoplasms (D:1)
  A ball python (D:1)
  A bat (D:1)
  A frilled lizard (D:1)
  2 kobolds (D:1)
7 creatures vanquished.

Notes
Turn   | Place    | Note
-------+----------+-------------------------------------------
     0 | D:1      | Duck the Troll Berserker began the quest for the Orb.
     0 | D:1      | Reached XP level 1. HP: 22/22 MP: 0/0
   314 | D:1      | Slain by a hobgoblin

Illustrated notes

Levels and vault maps discovered:
D:1:      minmay_arrival_widening_spiral_wide, layout_rooms,
          minmay_misc_feat_hallway

Action                     || total
---------------------------++-------
  Melee: Unarmed           ||    25
 Armour: Animal skin       ||    66
  Dodge: Dodged            ||   115
